 Dungeon Crawl Stone Soup version 0.32-a0-913-g739538afd8 (webtiles) character file.

Game seed: 3511349339637880117

180 porpoise the Shooter (level 5, -1/41 HPs)
             Began as a Human Hunter on Apr 8, 2024.
             Slain by a black bear (7 damage)
             ... on level 4 of the Dungeon.
             The game lasted 00:05:55 (2394 turns).

porpoise the Shooter (Human Hunter)                 Turns: 2394, Time: 00:05:56

Health: -1/41      AC:  9    Str: 11    XL:     5   Next: 60%
Magic:  5/5        EV: 10    Int:  9    God:
Gold:   113        SH:  0    Dex: 19    Spells: 4/4 levels left

rFire   . . .        a - +0 shortbow
rCold   . . .        (shield currently unavailable)
rNeg    . . .        j - +4 ring mail
rPois   .            (no helmet)
rElec   .            (no cloak)
rCorr   .            (no gloves)
SInv    .            (no boots)
Will    .....        x - amulet of regeneration
Stlth   ++           (no ring)
HPRegen 1.06/turn    (no ring)
MPRegen 0.09/turn

%: no passive effects
@: no status effects
A: explore regen
a: no special abilities


You were on level 4 of the Dungeon.
You visited 1 branch of the dungeon, and saw 4 of its levels.

You collected 113 gold pieces.

Inventory:

Hand Weapons
 a - a +0 shortbow (weapon)
 i - a +0 short sword of freezing
Missiles
 o - 3 javelins
 v - a boomerang
Armour
 c - a +0 leather armour
 j - a +4 ring mail (worn)
Jewellery
 x - an amulet of regeneration (around neck)
Wands
 w - a wand of iceblast (7)
Scrolls
 b - a scroll of butterflies
 d - a scroll of enchant weapon {unknown}
 e - a scroll of immolation {unknown}
 k - a scroll of enchant armour {unknown}
 l - a scroll of revelation {unknown}
 m - a scroll of teleportation
 p - a scroll of acquirement {unknown}
 r - a scroll of fog {unknown}
 t - a scroll of noise {unknown}
 u - a scroll of fear {unknown}
Potions
 f - 3 potions of resistance {unknown}
 g - a potion of curing {unknown}
 h - 2 potions of attraction {unknown}
 n - a potion of degeneration {unknown}
 q - a potion of ambrosia {unknown}
 s - 2 potions of heal wounds {unknown}


   Skills:
 + Level 3.2 Fighting
 * Level 5.5 Ranged Weapons
 - Level 2.0 Dodging
 + Level 2.9 Stealth


You had 4 spell levels left.
You didn't know any spells.
Your spell library contained the following spells:

 Spells                   Type           Power      Damage    Failure   Level
 Tukima's Dance           Hex            0%         N/A       96%         3
 Passage of Golubria      Tloc           0%         N/A       100%        4
 Yara's Violent Unravell  Hex/Alch       0%         3d3       100%        5


Dungeon Overview and Level Annotations

Branches:
Dungeon (4/15)
 Temple: D:4-7

Altars:
Wu Jian

Shops:
D:2 =

Annotations:
D:3 3 runed translucent doors, runemasterragnar's ghost, weakling CoHu; xianbchi's ghost, amateur DrFi


Innate Abilities, Weirdness & Mutations

You regain HP and MP as you explore.


Message History

You shoot an arrow.
The arrow hits the black bear but does no damage.
The black bear is severely wounded.
The black bear bites you but does no damage.
The black bear barely misses you. The black bear claws you.
You shoot an arrow.
The arrow hits the black bear but does no damage.
The black bear is severely wounded.
The black bear bites you. The black bear closely misses you.
The black bear barely misses you. The black bear closely misses you.
The black bear claws you but does no damage.
The black bear closely misses you.
You shoot an arrow. The arrow barely misses the black bear.
The black bear bites you! The black bear claws you. x2
The black bear bites you.
The black bear claws you but does no damage. x2
You are too injured to fight recklessly!
You are too injured to fight recklessly!
Unknown command.
You shoot an arrow. The arrow hits the black bear.
The black bear is severely wounded.
The black bear bites you.
The black bear claws you but does no damage.
The black bear closely misses you. The black bear bites you!
* * * LOW HITPOINT WARNING * * *
The black bear claws you but does no damage.
The black bear barely misses you.
You shoot an arrow. The arrow barely misses the black bear.
The black bear bites you.
* * * LOW HITPOINT WARNING * * *
The black bear claws you.
* * * LOW HITPOINT WARNING * * *
The black bear barely misses you. The black bear misses you.
The black bear closely misses you. x2
You shoot an arrow. The arrow hits the black bear.
The black bear is almost dead.
The black bear barely misses you. x2
The black bear claws you but does no damage.
The black bear bites you!
You die...

### ###########
######.........#
#..............#
#..............#
#..............#
+......>...<...#
#..............#
#h@............####
#(................'...
#..#######.........####
... ...+###+#### ..
.... ####### .....
#)..... .# #.##### #.#
#.#


You could see a black bear (berserk).

Vanquished Creatures
  A jelly (D:2)
  An orc priest (D:2)
  4 adders
  3 dart slugs
  3 ribbon worms (D:2)
  4 orcs
  6 ball pythons
  5 endoplasms
  10 goblins
  5 hobgoblins
  3 quokkas (D:1)
  3 bats
  2 frilled lizards (D:1)
  10 kobolds
  7 rats
67 creatures vanquished.

Notes
Turn   | Place    | Note
-------+----------+-------------------------------------------
     0 | D:1      | porpoise the Human Hunter began the quest for the Orb.
     0 | D:1      | Reached XP level 1. HP: 16/16 MP: 1/1
    33 | D:1      | Reached XP level 2. HP: 20/22 MP: 2/2
   269 | D:1      | Reached XP level 3. HP: 23/28 MP: 3/3
   547 | D:2      | Reached XP level 4. HP: 17/34 MP: 4/4
   743 | D:2      | Found an ornate altar of the Wu Jian Council.
   841 | D:2      | Reached skill level 5 in Ranged Weapons
  1007 | D:2      | Reached XP level 5. HP: 20/41 MP: 5/5
  1236 | D:2      | Found Reni's Jewellery Emporium.
  1579 | D:3      | Found a runed translucent gate.
  1579 | D:3      | Found a runed translucent gate.
  1580 | D:3      | Found a runed translucent gate.
  1584 | D:3      | Noticed runemasterragnar's ghost (weakling CoHu)
  1584 | D:3      | Noticed xianbchi's ghost (amateur DrFi)
  1663 | D:3      | Found a faded altar of an unknown god.
  2382 | D:4      | Noticed a black bear
  2394 | D:4      | Slain by a black bear

Illustrated notes

Levels and vault maps discovered:
D:1:      minmay_arrival_open_corners, layout_rooms
D:2:      cheibrodos_pilgrimage, layout_basic, basic_altar, serial_shops,
          nicolae_shop_gaudy_bauble
D:3:      layout_loops_ring, hellmonk_ecumenical_altar_pennies_from_heaven,
          gammafunk_ghost_cemetery
D:4:      layout_basic, nicolae_ashenzari_panopticon, uniq_robin, uniq_natasha

Skill      XL: |  1  2  3  4 |
---------------+-------------+-----
Stealth        | 2 |  2.9
Ranged Weapons | 5 |  5.5
Fighting       | 3 |  3.2
Dodging        | |  2.0

Action                     |  1- 3 |  4- 6 || total
---------------------------+-------+-------++-------
   Fire: Shortbow          |    96 |   116 ||   212
    Use: Scroll            |       |     1 ||     1
 Armour: Leather armour    |    12 |       ||    12
         Ring mail         |    25 |    61 ||    86
  Dodge: Dodged            |    38 |    36 ||    74

Table legend: (Time is in decaauts)
 A = Elapsed time spent in this place.
 B = Non-inter-level travel time spent in this place.
 C = Inter-level travel time spent in this place.
 D = Time resting spent in this place.
 E = Time spent auto-exploring this place.
 F = Levels seen in this place.
 G = Mean time per level.
                   A        B        C        D        E       F      G
               +--------+--------+--------+--------+--------+-----+--------+
         Total |   2454 |   2338 |    116 |    348 |   1520 |   4 |  613.5 |
       Dungeon |   2454 |   2338 |    116 |    348 |   1520 |   4 |  613.5 |
               +--------+--------+--------+--------+--------+-----+--------+

Top non-repeatable levels by time:
     D:2: 981 daAuts
     D:3: 783 daAuts
     D:1: 582 daAuts
     D:4: 107 daAuts
